 Dungeon Crawl Stone Soup version 0.28-a0-1199-gef9e1dbd39 (webtiles) character file.

Game seed: 12967029316639482242

3923 bande the Cleaver (level 10, -2/63 HPs)
             Began as a Gargoyle Fighter on Dec 20, 2021.
             Was a Believer of Okawaru.
             Slain by Joseph (5 damage)
             ... on level 7 of the Dungeon.
             The game lasted 00:24:31 (10479 turns).

bande the Cleaver (Gargoyle Fighter)               Turns: 10479, Time: 00:24:31

Health: -2/63      AC: 29    Str: 20    XL:     10   Next: 20%
Magic:  12/12      EV:  4    Int:  9    God:    Okawaru [**....]
Gold:   321        SH:  9    Dex: 13    Spells: 9/9 levels left

rFire   + . .      SeeInvis .   a - +1 war axe (vorpal)
rCold   . . .      Faith    .   t - +0 kite shield
rNeg    + . .      Spirit   .   w - +0 plate armour {rF+}
rPois   ∞          Reflect  .   b - +2 hat {Will+}
rElec   +          Harm     .   e - +2 cloak
rCorr   .          Rampage  .   f - +2 pair of gloves
Will    +....                   (no boots)
Stlth   ..........              (no amulet)
HPRegen 0.20/turn               (no ring)
MPRegen 0.13/turn               (no ring)

@: on berserk cooldown, slowed, very slow
A: sickness immunity, AC +7, negative energy resistance 1, electricity
resistance, torment resistance 1, petrification resistance
a: Renounce Religion, Heroism


You were on level 7 of the Dungeon.
You worshipped Okawaru.
Okawaru was pleased with you.
You visited 2 branches of the dungeon, and saw 8 of its levels.
You also visited: Sewer.

You collected 321 gold pieces.

Inventory:

Hand Weapons
 a - a +1 vorpal war axe (weapon)
 h - a +0 flail
 q - a +4 mace of freezing
Missiles
 v - a throwing net (quivered)
Armour
 b - a +2 hat of willpower (worn)
 e - a +2 cloak (worn)
 f - a +2 pair of gloves (worn)
 t - a +0 kite shield (worn)
 w - a +0 plate armour of fire resistance (worn)
Jewellery
 i - a ring of fire
Scrolls
 d - a scroll of blinking
 l - 4 scrolls of amnesia
 o - 3 scrolls of teleportation
 p - 2 scrolls of magic mapping
Potions
 c - a potion of magic {unknown}
 j - 4 potions of haste
 n - 3 potions of might
 r - 2 potions of invisibility
 s - a potion of flight


   Skills:
 + Level 7.1 Fighting
 + Level 9.4 Axes
 + Level 7.9 Armour
 - Level 0.3 Stealth
 + Level 5.8 Shields
 * Level 3.6 Invocations


You had 9 spell levels left.
You didn't know any spells.
Your spell library contained the following spells:

 Spells                   Type           Power      Damage    Failure   Level
 Pain                     Necr           0%         1d4       100%        1
 Agony                    Necr           0%         N/A       100%        5
 Excruciating Wounds      Necr           0%         N/A       100%        5


Dungeon Overview and Level Annotations

Branches:
Dungeon (7/15)             Temple (1/1) D:6           Sewer (visited)

Altars:
Elyvilon
Gozag
Makhleb
Okawaru
Qazlal
Vehumet

Annotations:
D:7 3 runed translucent doors, Joseph


Innate Abilities, Weirdness & Mutations

You are immune to sickness and miasma.
Your stone body is resilient. (AC +7)
You are immune to poison.
You resist negative energy. (rN+)
You are resistant to electric shocks. (rElec)
You are resistant to unholy torment.
You are immune to petrification.


Message History

You are no longer berserk.
You are exhausted.
You feel yourself slow down.
Unknown command.
You closely miss Joseph.
Joseph is heavily wounded.
Joseph hits you with a +0 quarterstaff!
* * * LOW HITPOINT WARNING * * *
Joseph zaps a wand.
You resist with almost no effort.
You hit Joseph but do no damage.
Joseph is moderately wounded.
Joseph hits you but does no damage. x2
You slash Joseph!
Joseph is severely wounded.
Joseph drinks a potion.
Joseph is healed!
Joseph hits you but does no damage.
You hit Joseph.
Joseph is heavily wounded.
Joseph zaps a wand.
You resist with almost no effort. Joseph hits you but does no damage.
You closely miss Joseph.
Joseph is heavily wounded.
Joseph zaps a wand.
You resist with almost no effort. You block Joseph's attack.
You closely miss Joseph.
Joseph is heavily wounded.
Joseph zaps a wand.
You resist with almost no effort. You block Joseph's attack.
Your plate armour prevents you from hitting Joseph.
Joseph is heavily wounded.
Joseph hits you with a +0 quarterstaff.
* * * LOW HITPOINT WARNING * * *
Joseph hits you with a +0 quarterstaff.
* * * LOW HITPOINT WARNING * * *
You closely miss Joseph.
Joseph is heavily wounded.
Joseph completely misses you.
You hit Joseph.
Joseph is severely wounded.
Joseph hits you but does no damage. Joseph hits you with a +0 quarterstaff.
You die...

≈#≈.≈.≈......≈...#
≈≈.≈≈≈≈≈≈.≈≈≈≈≈h.#
#####
≈≈≈≈≈≈.≈≈≈≈≈≈≈≈≈≈#
#....
≈≈≈≈.≈≈≈≈.≈.≈≈≈≈
#.###
≈≈.≈≈≈.≈≈≈.≈≈≈
#.#..
........≈...#
#.#.# ####.....#.#
#.#.#
......#..#.##
#.#.# #.)@@#..#
#.#.# .###.).<##
#.#.# ...###..#
#.#.# #....##.#
### #.#.# #....#.#
##.# #.#.#
##...#.# #..#
#.#..
#...+.####..#
#.###
#...+.......#.#.#
#
#...+.#####.#.#.#
#


You could see Joseph.

Vanquished Creatures
  Sigmund (D:2)
  A shadow (D:6)
  3 yaks (D:4)
  Eustachio (D:6)
  A steam dragon (D:7)
  A water moccasin (D:6)
  Duvessa (D:7)
  An orc warrior (D:6)
  An ice beast (D:6)
  A necrophage (D:5)
  2 black bears (D:6)
  3 ogres
  A centaur (D:6)
  A phantom (D:4)
  Blork the orc (D:4)
  A gnoll sergeant (D:5)
  A scorpion (D:4)
  3 bullfrogs
  Dowan (D:7)
  7 wights
  3 howler monkeys (D:6)
  An electric eel (D:6)
  A bullfrog zombie (D:5)
  An orc priest (D:3)
  A centaur skeleton (D:6)
  2 hounds
  Crazy Yiuf (D:2)
  4 jellies
  A bullfrog skeleton (D:6)
  Natasha (thrice) (D:2)
  3 iguanas
  2 orc wizards
  6 gnolls
  8 adders
  7 river rats (Sewer)
  A shadow imp (D:6)
  4 worms
  2 dart slugs
  20 orcs
  6 endoplasms
  6 giant cockroaches
  7 goblins
  10 hobgoblins
  7 jackals
  A quokka (D:1)
  27 ball pythons
  2 bats
  5 frilled lizards
  4 kobolds
  20 rats (Sewer)
199 creatures vanquished.

Vanquished Creatures (collateral kills)
  An ogre (D:4)
1 creature vanquished.

Grand Total: 200 creatures vanquished

Notes
Turn   | Place    | Note
-------+----------+-------------------------------------------
     0 | D:1      | bande the Gargoyle Fighter began the quest for the Orb.
     0 | D:1      | Reached XP level 1. HP: 14/14 MP: 1/1
    99 | D:1      | Reached XP level 2. HP: 19/19 MP: 2/2
   433 | D:1      | Found a faded altar of an unknown god.
   433 | D:1      | Noticed a sun demon
   641 | D:1      | Reached skill level 2 in Axes
   651 | D:1      | Reached XP level 3. HP: 17/23 MP: 3/3
  1243 | D:2      | Found a runed translucent door.
  1244 | D:2      | Noticed Crazy Yiuf
  1360 | D:2      | Noticed Sigmund
  1364 | D:2      | Found an opulent altar of Gozag.
  1383 | D:2      | Killed Sigmund
  1384 | D:2      | Reached skill level 4 in Axes
  1384 | D:2      | Reached XP level 4. HP: 28/29 MP: 4/4
  1384 | D:2      | Reached XP level 5. HP: 32/33 MP: 5/5
  1828 | D:2      | Noticed Natasha
  1835 | D:2      | Killed Natasha
  1836 | D:2      | Reached XP level 6. HP: 37/38 MP: 6/6
  1969 | D:2      | Noticed Natasha
  1977 | D:2      | Killed Natasha
  2179 | D:2      | Noticed Natasha
  2190 | D:2      | Killed Natasha
  2438 | D:2      | Killed Crazy Yiuf
  3482 | D:3      | Reached XP level 7. HP: 43/44 MP: 7/7
  3630 | D:3      | Found a burning altar of Makhleb.
  3661 | D:3      | Reached skill level 5 in Axes
  3810 | D:3      | Found a white marble altar of Elyvilon.
  4037 | D:4      | Found a glowing drain.
  4054 | Sewer    | Entered a sewer
  4511 | Sewer    | Reached skill level 5 in Armour
  5188 | D:4      | Reached skill level 6 in Axes
  5633 | D:5      | Entered Level 5 of the Dungeon
  5704 | D:4      | Reached skill level 5 in Fighting
  5704 | D:4      | Reached XP level 8. HP: 35/49 MP: 8/8
  6190 | D:5      | Noticed a yak
  6192 | D:5      | Noticed a yak
  6193 | D:5      | Noticed a yak
  6239 | D:4      | Killed a yak
  6456 | D:5      | Noticed Blork the orc
  6463 | D:4      | Killed a yak
  6464 | D:4      | Reached skill level 7 in Axes
  6477 | D:4      | Killed a yak
  6603 | D:4      | Killed Blork the orc
  6751 | D:4      | Reached XP level 9. HP: 36/55 MP: 9/9
  7926 | D:5      | Reached skill level 8 in Axes
  8196 | D:6      | Found a staircase to the Ecumenical Temple.
  8205 | Temple   | Entered the Ecumenical Temple
  8220 | Temple   | Became a worshipper of Warmaster Okawaru
  8491 | D:6      | Found an iron altar of Okawaru.
  8650 | D:6      | Noticed Eustachio
  8677 | D:6      | Killed Eustachio
  8678 | D:6      | Reached skill level 1 in Invocations
  9072 | D:6      | Reached skill level 5 in Shields
  9214 | D:7      | Found a runed translucent gate.
  9234 | D:7      | HP: 2/56 [something (28)]
  9244 | D:6      | Reached * piety under Okawaru
  9749 | D:7      | Identified a scroll of acquirement
  9749 | D:7      | Acquired a +2 hat of willpower
  9771 | D:7      | Found a runed translucent gate.
  9771 | D:7      | Found a runed translucent gate.
 10028 | D:6      | Reached skill level 9 in Axes
 10031 | D:6      | Reached XP level 10. HP: 49/61 MP: 12/12
 10239 | D:7      | Noticed Duvessa
 10390 | D:7      | Noticed Joseph
 10396 | D:6      | Reached ** piety under Okawaru
 10448 | D:7      | Noticed Dowan
 10461 | D:7      | Killed Duvessa
 10469 | D:7      | Killed Dowan
 10477 | D:7      | HP: 3/63 [Joseph (4)]
 10479 | D:7      | Slain by Joseph

Illustrated notes

Levels and vault maps discovered:
D:1:      minmay_arrival_diagonal_passages, layout_basic,
          dreamdust_ecumenical_altar_sealed_demon
D:2:      layout_basic, basic_altar, uniq_crazy_yiuf_cottage, uniq_sigmund,
          uniq_natasha
D:3:      layout_basic, mainiacjoe_overflow_brackets,
          mainiacjoe_overflow_alcove_4, minmay_cut_off
D:4:      layout_cave_pools, portal_sewer_entry_a
D:5:      layout_basic, uniq_blork_the_orc
D:6:      nicolae_BIG_FREAKIN_CUBE, layout_gridville, minmay_temple_entry_trees,
          kennysheep_flooded_box, uniq_eustachio
D:7:      layout_basic, tso_metal_star, gammafunk_ghost_icy, serial_rivers,
          chequers_serial_rivers_micro_a, chequers_serial_rivers_small_3,
          chequers_serial_rivers_large_a, chequers_serial_rivers_small_b,
          minmay_circle_x, uniq_maggie, uniq_menkaure, uniq_duvessa, uniq_joseph
Temple:   jpeg_temple_clearing

Skill      XL: |  1  2  3  4  5  6  7  8  9 10 |
---------------+-------------------------------+-----
Axes           | 2 4 6 7 9 |  9.4
Fighting       | 4 5 6 7 |  7.1
Armour         | 4 5 6 7 |  7.9
Shields        | 4 5 |  5.8
Invocations    | 2 3 |  3.6
Stealth        | |  0.3

Action                   |  1- 3 |  4- 6 |  7- 9 | 10-12 || total
-------------------------+-------+-------+-------+-------++-------
Melee: War axe           |    75 |   133 |   363 |    62 ||   633
  Use: Scroll            |     3 |     2 |    14 |       ||    19
       Potion            |     1 |     1 |     1 |     4 ||     7
 Stab: Invisible         |       |     2 |       |       ||     2
Armor: Scale mail        |    39 |    80 |   205 |       ||   324
       Chain mail        |       |       |    61 |       ||    61
       Plate armour      |       |       |    24 |    97 ||   121
Dodge: Dodged            |    44 |    48 |   176 |    20 ||   288
Block: Buckler           |    11 |    24 |    63 |       ||    98
       Kite shield       |       |       |    63 |    52 ||   115

Table legend: (Time is in decaauts)
 A = Elapsed time spent in this place.
 B = Non-inter-level travel time spent in this place.
 C = Inter-level travel time spent in this place.
 D = Time resting spent in this place.
 E = Time spent auto-exploring this place.
 F = Levels seen in this place.
 G = Mean time per level.
                   A        B        C        D        E       F      G
               +--------+--------+--------+--------+--------+-----+--------+
         Total |  10736 |  10720 |     16 |   4386 |   4317 |   9 | 1192.9 |
       Dungeon |   9868 |   9852 |     16 |   3947 |   4085 |   7 | 1409.7 |
        Temple |     32 |     32 |      0 |      0 |      7 |   1 |   32.0 |
         Sewer |    834 |    834 |      0 |    439 |    225 |   1 |  834.0 |
               +--------+--------+--------+--------+--------+-----+--------+

Top non-repeatable levels by time:
     D:6: 2267 daAuts
     D:4: 1924 daAuts
     D:2: 1808 daAuts
     D:5: 1269 daAuts
     D:1: 1170 daAuts
     D:3: 1155 daAuts
   Sewer: 834 daAuts
     D:7: 273 daAuts
  Temple: 32 daAuts
